 Dungeon Crawl Stone Soup version 0.27-a0-421-g7ddf969dea (webtiles) character file.

Game seed: 45496359887372375

1477 sanka the Cleaver (level 8, 0/67 HPs)
             Began as a Palentonga Abyssal Knight on Feb 26, 2021.
             Was a Believer of Lugonu.
             Slain by Duvessa
             ... wielding a +2 rapier of speed
              (2 damage)
             ... on level 5 of the Dungeon.
             The game lasted 00:08:51 (6565 turns).

sanka the Cleaver (Palentonga Abyssal Knight)       Turns: 6565, Time: 00:08:52

Health: 0/67       AC: 12    Str: 25    XL:     8   Next: 49%
Magic:  9/9        EV:  9    Int: 18    God:    Lugonu [**....]
Gold:   142        SH:  0    Dex:  9    Spells: 7/7 levels left

rFire    . . .     SeeInvis +   a - +1 hand axe
rCold    . . .     Faith    .   (no shield)
rNeg     . . .     Spirit   .   b - +0 leather armour
rPois    .         Reflect  .   (no helmet)
rElec    .         Harm     .   l - +0 cloak
rCorr    .         Rampage  .   (no gloves)
Will     .....                  (no barding)
Stlth    +.........             (no amulet)
HPRegen  0.21/turn              q - +6 ring of strength
MPRegen  0.11/turn              o - +6 ring of intelligence

@: flying, very slightly contaminated, invisible, curled up
A: large, rugged brown scales 3, see invisible, deformed body, roll 1, armoured
tail, reflexive curl
a: Rolling Charge, Renounce Religion, Depart the Abyss, Bend Space


You were on level 5 of the Dungeon.
You worshipped Lugonu.
Lugonu was pleased with you.
You visited 1 branch of the dungeon, and saw 5 of its levels.
You visited the Abyss 1 time.

You collected 142 gold pieces.


Innate Abilities, Weirdness & Mutations

You are completely covered in rugged brown scales. (AC +3, +7% HP)
You have supernaturally acute eyesight. (SInv)
Armour fits poorly on your strangely shaped body.
You can roll at nearby foes to attack.
You have a long armoured tail.
You curl defensively after being hit.


   Skills:
 - Level 3.0 Fighting
 + Level 10.7 Axes
 - Level 1.5 Armour
 - Level 0.7 Dodging
 - Level 2.0 Invocations


You had 7 spell levels left.
You didn't know any spells.
Your spell library contained the following spells:

 Spells                   Type           Power        Failure   Level
 Animate Skeleton         Necr           0%           26%         1
 Pain                     Necr           0%           26%         1
 Vampiric Draining        Necr           0%           58%         3
 Animate Dead             Necr           0%           94%         4
 Agony                    Necr           0%           100%        5

Inventory:

Hand Weapons
 a - a +1 hand axe (weapon)
 r - a +4 flail of holy wrath
Armour
 b - a +0 leather armour (worn)
 i - a +0 ring mail
 l - a +0 cloak (worn)
 m - a +0 helmet
 p - a +0 pair of gloves
Jewellery
 o - a +6 ring of intelligence (right hand)
 q - a +6 ring of strength (left hand)
Scrolls
 c - 2 scrolls of fog {unknown}
 d - 3 scrolls of blinking {unknown}
 e - 8 scrolls of identify {unknown}
 f - a scroll of noise {unknown}
 g - 7 scrolls of teleportation {unknown}
 h - 2 scrolls of fear {unknown}
 k - 2 scrolls of random uselessness {unknown}

Dungeon Overview and Level Annotations

Branches:
Dungeon (5/15)
 Temple: D:4-7

Altars:
Fedhas
Qazlal
Sif Muna
Vehumet
Zin
The Shining One

Annotations:
D:2 Sigmund
D:5 Dowan, Duvessa

▒▒.▒▒ ▒▒.▒▒ ▒▒.▒▒ .....
▒▒.▒▒ .....▒▒▒▒▒ ▒▒e.▒▒▒
.........▒▒▒ ▒▒▒.....▒▒
..........▒▒▒..h.....▒▒▒
.........▒▒▒...e.......▒
▒.....▒▒..▒(.H........▒
▒.....▒..▒.....†.......
▒[▒..▒▒▒............. ▒▒
▒▒).▒▒▒..........▒▒▒.
..▒ ▒)▒▒▒............▒
... ▒.▒▒.............▒
..) ▒)▒▒..............▒
▒.. ▒.▒▒..............▒
▒ ▒)▒ ▒


You could see Duvessa (fast), Dowan and a jackal.


Message History

* * * LOW HITPOINT WARNING * * *
Duvessa hits you with a +2 rapier of speed.
* * * LOW HITPOINT WARNING * * *
You hit Duvessa but do no damage.
Duvessa is almost dead.
Duvessa hits you with a +2 rapier of speed.
* * * LOW HITPOINT WARNING * * *
You barely miss Duvessa.
Duvessa is almost dead.
Duvessa misses you.
It was a potion of invisibility.
You fade into invisibility!
Duvessa hits you but does no damage.
Duvessa hits you with a +2 rapier of speed.
* * * LOW HITPOINT WARNING * * *
You are very lightly contaminated with residual magic.
It was a potion of flight.
You feel very buoyant.
You fly up into the air.
Duvessa says, "My weaknesses are his strengths!"
Duvessa hits you with a +2 rapier of speed.
* * * LOW HITPOINT WARNING * * *
Duvessa hits you but does no damage.
Duvessa hits you with a +2 rapier of speed.
* * * LOW HITPOINT WARNING * * *
Duvessa closely misses you.
Duvessa yells, "You can run, but you cannot escape us forever!"
Duvessa closely misses you.
Duvessa hits you with a +2 rapier of speed.
You die...

Action                   |  1- 3 |  4- 6 |  7- 9 || total
-------------------------+-------+-------+-------++-------
Melee: Hand axe          |   120 |   135 |   139 ||   394
       Tailslap          |     9 |    21 |    19 ||    49
Invok: Depart the Abyss  |     1 |       |       ||     1
 Abil: Rolling Charge    |     1 |     3 |     3 ||     7
  Use: Potion            |       |       |     3 ||     3
Armor: Leather armour    |    41 |    28 |    37 ||   106
       Ring mail         |     3 |       |       ||     3
Dodge: Dodged            |    53 |    63 |    51 ||   167

Levels and vault maps discovered:
D:1:      dpeg_arrival_simpleton_b, layout_basic
D:2:      layout_basic, nzn_hepliaklqana_mist_gate, uniq_sigmund
D:3:      layout_basic, tso_metal_star, nicolae_overflow_quartered_altars,
          minmay_liquid_box, uniq_terence
D:4:      layout_loops_corners, kennysheep_generic_room_13
D:5:      layout_cave_pods, general_overflow_altar,
          nemelex_xobeh_ov_fountains_minmay, serial_bayou_pond_b,
          corexii_leaking_fountain, uniq_pikel, uniq_edmund, uniq_eustachio,
          uniq_duvessa

Notes
Turn   | Place    | Note
-------+----------+-------------------------------------------
     0 | Abyss:1  | sanka the Palentonga Abyssal Knight began the quest for the
                  | Orb.
     0 | Abyss:1  | Reached XP level 1. HP: 20/20 MP: 2/2
    79 | Abyss:1  | Noticed a large abomination
   116 | Abyss:1  | Noticed a wretched star
   118 | D:1      | Escaped the Abyss
   265 | D:1      | Reached XP level 2. HP: 24/27 MP: 3/3
   303 | D:1      | Reached * piety under Lugonu
   406 | D:1      | Reached skill level 3 in Axes
   662 | D:1      | Reached XP level 3. HP: 30/33 MP: 4/4
  1198 | D:2      | Noticed Sigmund
  1450 | D:2      | Reached skill level 4 in Axes
  2121 | D:3      | Reached XP level 4. HP: 36/40 MP: 5/5
  2171 | D:3      | Reached skill level 5 in Axes
  2213 | D:3      | Found a glowing golden altar of the Shining One.
  2214 | D:3      | Noticed a sky beast
  2268 | D:3      | Reached ** piety under Lugonu
  2379 | D:3      | Found a blossoming altar of Fedhas.
  2393 | D:3      | Found a glowing silver altar of Zin.
  2407 | D:3      | Noticed Terence
  2425 | D:3      | Killed Terence
  2426 | D:3      | Reached XP level 5. HP: 32/48 MP: 6/6
  2543 | D:3      | Found a stormy altar of Qazlal.
  2553 | D:3      | Found a shimmering blue altar of Sif Muna.
  3510 | D:4      | Reached skill level 6 in Axes
  3859 | D:4      | Reached XP level 6. HP: 39/54 MP: 7/7
  4203 | D:4      | Reached skill level 7 in Axes
  4582 | D:5      | Entered Level 5 of the Dungeon
  4582 | D:5      | Noticed Edmund
  4587 | D:5      | Noticed Eustachio
  4604 | D:4      | Killed Edmund
  4837 | D:5      | Gained mutation: You curl defensively after being hit.
                  | [Palentonga growth]
  4837 | D:5      | Reached XP level 7. HP: 46/60 MP: 8/8
  4845 | D:4      | Killed Eustachio
  4846 | D:4      | Reached skill level 8 in Axes
  5581 | D:5      | Noticed Pikel
  5618 | D:4      | HP: 6/60 [Pikel/+2 whip of flaming (5)]
  5619 | D:4      | Killed Pikel
  5620 | D:4      | Reached skill level 9 in Axes
  5620 | D:4      | Reached XP level 8. HP: 5/67 MP: 9/9
  5923 | D:5      | Reached skill level 10 in Axes
  6072 | D:5      | Found a radiant altar of Vehumet.
  6540 | D:5      | Noticed Duvessa
  6540 | D:5      | Noticed Dowan
  6556 | D:5      | HP: 1/67 [Duvessa/+2 rapier of speed (6)]
  6565 | D:5      | Slain by Duvessa

Vanquished Creatures
  Pikel (D:4)
  Eustachio (D:4)
  Edmund (D:4)
  A sky beast (D:5)
  A centaur (D:5)
  2 ogres
  3 lemures (D:4)
  A water moccasin skeleton (D:4)
  2 bullfrog skeletons (D:5)
  2 orc priests
  2 iguanas
  A worker ant (D:5)
  Terence (D:3)
  4 orc wizards
  3 adders
  A shadow imp (D:3)
  A white imp (D:5)
  An ooze (D:1)
  3 worms
  A dart slug (D:2)
  A leopard gecko (D:1)
  12 orcs
  4 giant cockroaches
  3 goblins
  4 hobgoblins
  4 jackals (D:1)
  11 kobolds
  A quokka (D:4)
  A ball python (D:3)
  4 bats
  5 frilled lizards
  9 rats
92 creatures vanquished.

Vanquished Creatures (others)
  9 plants (D:5)
9 creatures vanquished.

Grand Total: 101 creatures vanquished
